 Dungeon Crawl Stone Soup version 0.25.0-46-gbd7b0854d2 (webtiles) character file.

Game seed: 7939090804840371491

7950 funkygono the Blocker (level 11, 0/95 HPs)
             Began as a Minotaur Fighter on July 16, 2020.
             Was a Priest of Makhleb.
             Killed from afar by an electric eel (8 damage)
             ... with a bolt of electricity
             ... on level 1 of the Lair of Beasts.
             The game lasted 00:18:25 (8668 turns).

funkygono the Blocker (Minotaur Fighter)            Turns: 8668, Time: 00:18:25

Health: 0/95       AC: 18    Str: 23    XL:     11   Next: 3%
Magic:  11/11      EV:  7    Int:  5    God:    Makhleb [***...]
Gold:   770        SH: 19    Dex: 11    Spells: 10/10 levels left

rFire    . . .     SeeInvis .   a - +2 mace (vorpal)
rCold    . . .     Gourm    .   o - +1 tower shield
rNeg     . . .     Faith    .   c - +0 chain mail
rPois    .         Spirit   .   e - +2 hat
rElec    .         Reflect  .   M - +0 cloak
rCorr    .         Harm     .   (no gloves)
MR       .....                  (no boots)
Stlth    ..........             (no amulet)
HPRegen  0.25/turn              G - +4 ring of protection
MPRegen  0.12/turn              (no ring)

@: mighty, very slow
A: retaliatory headbutt, horns 2
a: Minor Destruction, Lesser Servant of Makhleb, Renounce Religion


You were on level 1 of the Lair of Beasts.
You worshipped Makhleb.
Makhleb was most pleased with you.
You were not hungry.

You visited 2 branches of the dungeon, and saw 9 of its levels.

You collected 770 gold pieces.

Inventory:

Hand Weapons
 a - a +2 vorpal mace (weapon)
 b - a +2 hunting sling of flaming
 F - a +1 mace of draining
Missiles
 h - 115 sling bullets
 i - 23 bolts
 j - 150 stones (quivered)
Armour
 c - a +0 chain mail (worn)
 e - a +2 hat (worn)
 o - a +1 tower shield (worn)
 M - a +0 cloak (worn)
Jewellery
 G - a +4 ring of protection (left hand)
Wands
 k - a wand of random effects (18)
 r - a wand of clouds (3)
 z - a wand of acid (7)
 C - a wand of disintegration (14)
 E - a wand of polymorph (8)
 J - a wand of digging (6)
Scrolls
 g - 2 scrolls of amnesia
 m - 3 scrolls of magic mapping
 q - 2 scrolls of blinking
 y - 2 scrolls of teleportation
 I - a scroll of remove curse
 L - 2 scrolls of identify
Potions
 d - 2 potions of might
 l - 5 potions of haste
 n - 2 potions of cancellation
 p - 2 potions of berserk rage
 s - 6 potions of curing
 t - a potion of mutation
 v - 3 potions of lignification
 w - a potion of flight
 x - a potion of invisibility {unknown}
 B - a potion of resistance
Comestibles
 f - 15 rations


   Skills:
 + Level 8.6 Fighting
 + Level 9.2 Maces & Flails
 + Level 9.0 Slings
 + Level 8.8 Armour
 + Level 3.7 Dodging
 + Level 0.9 Stealth
 + Level 10.2 Shields
 + Level 1.3 Invocations
 + Level 0.1 Evocations


You had 10 spell levels left.
You didn't know any spells.
Your spell library contained the following spells:

 Spells                   Type           Power        Failure   Level  Hunger
 Beastly Appendage        Tmut           #.....       100%        1    ##.....
 Magic Dart               Conj           #...         100%        1    ##.....
 Blink                    Tloc           N/A          100%        2    ###....
 Call Imp                 Summ           #.......     100%        2    ###....
 Slow                     Hex            #.......     100%        2    ###....
 Sticks to Snakes         Tmut           #.......     100%        2    ###....
 Conjure Flame            Conj/Fire      #.......     100%        3    ####...
 Mephitic Cloud           Conj/Pois/Air  #.......     100%        3    ####...
 Spider Form              Tmut/Pois      #.........   100%        3    ####...
 Ice Form                 Ice/Tmut       #.......     100%        4    #####..
 Blade Hands              Tmut           #.........   100%        5    ######.


Dungeon Overview and Level Annotations

Branches:
Dungeon (8/15)             Temple (0/1) D:5            Lair (1/6) D:8

Altars:
Elyvilon
Hepliaklqana
Makhleb
Nemelex Xobeh
Ru
Sif Muna
Trog
Uskayaw
Zin

Annotations:
D:8 1 runed translucent door
Lair:1 1 transporter


Innate Abilities, Weirdness & Mutations

You reflexively headbutt those who attack you in melee.
You have a pair of horns on your head.


Message History

The bolt of electricity hits you.
* * * LOW HITPOINT WARNING * * *
Your unstable footing causes you to fumble your attack.
The electric eel shoots out a bolt of lightning at you!
The bolt of electricity hits you.
* * * LOW HITPOINT WARNING * * *
You feel better.
The electric eel shoots out a bolt of lightning at you!
The bolt of electricity hits you.
* * * LOW HITPOINT WARNING * * *
Your unstable footing causes you to fumble your attack.
Your unstable footing causes you to fumble your attack.
Your unstable footing causes you to fumble your attack.
The electric eel shoots out a bolt of lightning at you!
The bolt of electricity hits you.
* * * LOW HITPOINT WARNING * * *
Your unstable footing causes you to fumble your attack.
The electric eel shoots out a bolt of lightning at you!
The bolt of electricity hits you!
You die...

.....P≈
#######.....≈P≈P≈≈≈≈≈≈♣♣
............P≈PP≈≈≈≈≈P≈≈
............P≈≈≈≈≈≈≈≈≈≈≈
.............≈≈≈≈≈≈≈≈≈≈≈
.............≈≈≈≈≈≈≈≈≈≈≈
.............≈PP≈≈≈≈≈≈≈≈
..©..........P≈≈≈;≈≈≈≈≈≈
#######.....≈≈≈≈@†≈≈≈≈≈♣
..°○.○#.....≈P≈≈≈P≈≈P≈≈♣
.○.°.°#.....≈≈≈P≈≈≈P≈♣♣♣
.#©#○○#..#........♣♣♣♣
..!.°○#..#.......##
○#.#○○#..#P......#
☼...○○#..#######.# ##.#
.## #.. .


You could see an electric eel.

Vanquished Creatures
  A hydra (Lair:1)
  A cyclops (D:8)
  Maurice (D:8)
  A black mamba (Lair:1)
  An elephant (D:8)
  A spiny frog (Lair:1)
  A hornet (D:8)
  Prince Ribbit (D:6)
  5 hippogriffs
  A yak (D:8)
  A basilisk (D:8)
  A hungry ghost (D:8)
  Eustachio (D:5)
  2 water moccasins
  A porcupine (Lair:1)
  8 ogres
  An orc warrior (D:8)
  2 sky beasts (D:8)
  4 ice beasts
  2 phantoms
  3 centaurs
  2 crocodiles
  5 bullfrogs
  A scorpion (D:8)
  An electric eel (Lair:1)
  3 crimson imps
  8 hounds
  3 jellies
  2 centaur skeletons
  6 orc wizards
  An orc priest (D:4)
  2 iguanas
  5 worker ants
  A hound skeleton (D:5)
  A howler monkey zombie (D:8)
  A worker ant zombie (D:8)
  4 gnolls (D:7)
  8 adders
  A howler monkey skeleton (D:7)
  2 shadow imps
  2 adder zombies
  2 dart slugs
  8 leopard geckos
  14 orcs
  8 giant cockroaches
  8 hobgoblins
  8 jackals
  3 quokkas
  11 bats
  6 frilled lizards
  8 goblins
  4 kobolds
  2 quokka skeletons (D:4)
  A quokka zombie (D:7)
  11 rats
  5 fungi
  2 plants (D:8)
200 creatures vanquished.

Vanquished Creatures (others)
  A plant (Lair:1)
  5 toadstools (D:1)
6 creatures vanquished.

Grand Total: 206 creatures vanquished

Notes
Turn   | Place    | Note
-------+----------+-------------------------------------------
     0 | D:1      | funkygono the Minotaur Fighter began the quest for the Orb.
     0 | D:1      | Reached XP level 1. HP: 19/19 MP: 0/0
   323 | D:1      | Reached XP level 2. HP: 27/27 MP: 1/1
   537 | D:1      | Reached skill level 4 in Shields
  1049 | D:2      | Reached XP level 3. HP: 31/33 MP: 2/2
  1480 | D:2      | Found a sparkling altar of Nemelex Xobeh.
  2382 | D:3      | Reached XP level 4. HP: 31/40 MP: 3/3
  2588 | D:3      | Found a hazy altar of Hepliaklqana.
  2676 | D:3      | Reached skill level 1 in Dodging
  2682 | D:3      | You fall into a shaft and drop 1 floor!
  2702 | D:4      | Reached skill level 1 in Slings
  2702 | D:4      | Reached XP level 5. HP: 18/46 MP: 4/4
  2715 | D:4      | Reached skill level 5 in Armour
  3047 | D:3      | Reached skill level 5 in Shields
  3253 | D:3      | Found a bloodstained altar of Trog.
  3477 | D:4      | Reached XP level 6. HP: 52/52 MP: 5/5
  3564 | D:4      | Found a burning altar of Makhleb.
  3573 | D:4      | Became a worshipper of Makhleb the Destroyer
  3773 | D:4      | Reached XP level 7. HP: 60/60 MP: 6/6
  4109 | D:5      | Entered Level 5 of the Dungeon
  4124 | D:5      | Found a sparkling altar of Nemelex Xobeh.
  4143 | D:5      | Reached * piety under Makhleb
  4276 | D:5      | Noticed Eustachio
  4302 | D:5      | Killed Eustachio
  4302 | D:5      | Reached skill level 6 in Shields
  4388 | D:5      | Reached skill level 5 in Maces & Flails
  4541 | D:5      | Reached skill level 5 in Fighting
  4683 | D:5      | Reached XP level 8. HP: 68/68 MP: 7/7
  4706 | D:5      | Found a staircase to the Ecumenical Temple.
  4915 | D:6      | Found a sacrificial altar of Ru.
  4998 | D:6      | Reached skill level 5 in Slings
  5087 | D:6      | Noticed Prince Ribbit
  5130 | D:6      | Killed Prince Ribbit
  5138 | D:6      | Reached skill level 7 in Shields
  5168 | D:6      | Found a white marble altar of Elyvilon.
  5512 | D:7      | Noticed a hippogriff
  5527 | D:7      | Killed a hippogriff
  5692 | D:7      | Reached ** piety under Makhleb
  5714 | D:7      | Reached XP level 9. HP: 38/75 MP: 8/8
  6296 | D:8      | Found a hide-covered altar of Uskayaw.
  6371 | D:8      | Found a staircase to the Lair.
  6374 | D:8      | Reached skill level 8 in Shields
  6385 | D:8      | Noticed an elephant
  6412 | D:8      | Killed an elephant
  6729 | D:8      | Found a runed translucent door.
  6750 | D:8      | Reached XP level 10. HP: 74/86 MP: 9/9
  6761 | D:8      | Reached skill level 9 in Shields
  6835 | D:8      | Noticed a cyclops
  6847 | D:8      | Killed a cyclops
  6890 | D:8      | Reached *** piety under Makhleb
  6988 | D:8      | Found a runed translucent door.
  7470 | D:8      | Found a shimmering blue altar of Sif Muna.
  7472 | D:8      | Found a white marble altar of Elyvilon.
  7472 | D:8      | Found a glowing silver altar of Zin.
  7500 | D:8      | Noticed Maurice
  7524 | D:8      | Killed Maurice
  7763 | Lair:1   | Entered Level 1 of the Lair of Beasts
  7839 | Lair:1   | Noticed a seven-headed hydra
  7852 | Lair:1   | Killed a seven-headed hydra
  7852 | Lair:1   | Reached skill level 10 in Shields
  8050 | Lair:1   | Noticed a black mamba
  8055 | Lair:1   | Killed a black mamba
  8184 | Lair:1   | Found a transporter.
  8220 | Lair:1   | Reached skill level 1 in Invocations
  8295 | Lair:1   | Found a sparkling altar of Nemelex Xobeh.
  8366 | Lair:1   | Noticed a spiny frog
  8376 | Lair:1   | Killed a spiny frog
  8376 | Lair:1   | Reached XP level 11. HP: 67/95 MP: 9/11
  8662 | Lair:1   | HP: 3/95 [electric eel/bolt of electricity (6)]
  8663 | Lair:1   | HP: 1/95 [electric eel/bolt of electricity (2)]
  8668 | Lair:1   | Killed from afar by an electric eel

Illustrated notes

Levels and vault maps discovered:
D:1:      psy_arrival_radial01, layout_loops_ring, minmay_gold_behind_fungi,
          minmay_misc_feat_tiny
D:2:      layout_basic, nemelex_altar_shiori
D:3:      layout_loops_ring, marbit_many_paths, trog_butcher_becter
D:4:      layout_cave_pools, gup_sewer_entry_pipe, makhleb_blood_cavern_becter
D:5:      layout_cave_pools, minmay_temple_entry_antechambers, first_ration,
          basic_altar, uniq_eustachio
D:6:      layout_basic, nicolae_ru_awakened_eye, lemuel_statue_altar,
          uniq_prince_ribbit1
D:7:      layout_cave_pools, hangedman_abyss_or_decor_lesser_grid,
          grunt_ministairs_8
D:8:      cheibrodos_histonic, layout_loops_ring, grunt_temple_overflow_diamond,
          eat_drink_and_be_merry_uskayaw, david_lair_generic, uniq_maurice
Lair:1:   gammafunk_cloud_chamber, layout_regular_city, basic_altar,
          st_stairs_5, serial_bayou_shore_a

Skill      XL: |  1  2  3  4  5  6  7  8  9 10 |
---------------+-------------------------------+-----
Shields        | 4 5 6 7 8 10 | 10.2
Armour         | 4 5 6 7 8 |  8.8
Maces & Flails | 3 4 5 6 8 9 |  9.2
Fighting       | 4 5 6 7 8 |  8.6
Dodging        | 1 2 3 |  3.7
Slings         | 1 3 4 6 8 9 |  9.0
Invocations    | 1 |  1.3
Stealth        | |  0.9
Evocations     | |  0.1

Action                   |  1- 3 |  4- 6 |  7- 9 | 10-12 || total
-------------------------+-------+-------+-------+-------++-------
Melee: Flail             |    77 |       |       |       ||    77
       Headbutt          |    14 |    12 |    41 |    56 ||   123
       Mace              |    32 |    63 |   222 |   230 ||   547
 Fire: Hunting sling     |       |    31 |   135 |    40 ||   206
Throw: Stone             |       |       |       |     2 ||     2
Invok: Minor Destruction |       |       |       |     5 ||     5
Evoke: Wand              |       |       |       |     1 ||     1
  Use: Scroll            |     7 |     6 |     7 |     4 ||    24
       Potion            |       |       |       |     3 ||     3
  Eat: Chunk             |     5 |     4 |    10 |     6 ||    25
       Ration            |       |       |       |     1 ||     1
Armor: Scale mail        |    59 |    32 |       |       ||    91
       Chain mail        |       |     2 |   148 |    57 ||   207
Dodge: Dodged            |    31 |    27 |    47 |    28 ||   133
Block: Kite shield       |    59 |    37 |       |       ||    96
       Tower shield      |       |    14 |   229 |   138 ||   381
